 Dungeon Crawl Stone Soup version 0.29-a0-553-g81b289dbe5 (webtiles) character file.

Game seed: 72139777486020267

36 shadowstone the Skirmisher (level 3, 0/24 HPs)
             Began as a Gargoyle Fighter on June 6, 2022.
             Was a Follower of Kikubaaqudgha.
             Killed by divine providence
             ... invoked by an orc priest
              (12 damage)
             ... on level 3 of the Dungeon.
             The game lasted 00:07:45 (2281 turns).

shadowstone the Skirmisher (Gargoyle Fighter)       Turns: 2281, Time: 00:08:03

Health: 0/24       AC: 12    Str: 19    XL:     3   Next: 37%
Magic:  12/12      EV:  7    Int:  8    God:    Kikubaaqudgha [*.....]
Gold:   80         SH:  4    Dex: 11    Spells: 2/2 levels left

rFire   . . .      SeeInvis .   a - +0 trident
rCold   . . .      Faith    .   c - +0 buckler
rNeg    + . .      Spirit   .   f - +0 chain mail
rPois   ∞          Reflect  .   (no helmet)
rElec   +          Harm     .   (no cloak)
rCorr   .          Rampage  .   (no gloves)
Will    .....                   (no boots)
Stlth   ..........              (no amulet)
HPRegen 0.08/turn               j - ring of magical power
MPRegen 0.13/turn               (no ring)

@: no status effects
A: sickness immunity, AC +3, negative energy resistance 1, electricity
resistance, torment resistance 1, petrification resistance
a: Renounce Religion, Unearth Wretches


You were on level 3 of the Dungeon.
You worshipped Kikubaaqudgha.
Kikubaaqudgha was aware of your devotion.
You visited 1 branch of the dungeon, and saw 3 of its levels.

You collected 80 gold pieces.

Inventory:

Hand Weapons
 a - a +0 trident (weapon)
Missiles
 g - 6 javelins (quivered)
Armour
 b - a +0 scale mail
 c - a +0 buckler (worn)
 f - a +0 chain mail (worn)
 m - +0 fire dragon scales
Jewellery
 j - a ring of magical power (left hand)
Scrolls
 e - a scroll of enchant armour {unknown}
 l - a scroll of fear {unknown}
 n - a scroll of noise {unknown}
Potions
 d - 2 potions of might
 h - a potion of mutation {unknown}
 i - a potion of invisibility {unknown}
 k - a potion of ambrosia {unknown}
 o - a potion of berserk rage {unknown}


   Skills:
 + Level 3.9 Fighting
 + Level 2.2 Polearms
 + Level 3.6 Armour
 + Level 3.5 Shields


You had 2 spell levels left.
You didn't know any spells.
Your spell library contained the following spells:

 Spells                   Type           Power      Damage    Failure   Level
 Necrotize                Necr           0%         1d4       100%        1
 Slow                     Hex            0%         N/A       100%        1
 Confusing Touch          Hex            0%         N/A       100%        3
 Conjure Flame            Conj/Fire      0%         6-21      100%        3
 Ignite Poison            Fire/Tmut/Pois 0%         N/A       100%        3
 Vampiric Draining        Necr           0%         2d6       100%        3
 Anguish                  Hex/Necr       0%         N/A       100%        4
 Animate Dead             Necr           0%         N/A       100%        4
 Sticky Flame             Conj/Fire      0%         2d3       100%        4
 Summon Lightning Spire   Summ/Air       0%         N/A       100%        4
 Yara's Violent Unravell  Hex/Tmut       0%         3d3       100%        5
 Enfeeble                 Hex            0%         N/A       100%        7
 Storm Form               Tmut/Air       0%         N/A       100%        7
 Maxwell's Capacitive Co  Air            0%         ∞         100%        8


Dungeon Overview and Level Annotations

Branches:
Dungeon (3/15)

Altars:
Kikubaaqudgha

Annotations:
D:3 Robin


Innate Abilities, Weirdness & Mutations

You are immune to sickness and miasma.
Your stone body is resilient. (AC +3)
You are immune to poison.
You resist negative energy. (rN+)
You are resistant to electric shocks. (rElec)
You are resistant to unholy torment.
You are immune to petrification.


Message History

2 goblins and 3 orcs come into view.
Found a stone staircase leading down.
The goblin shouts! x2; The orc shouts! x3
Robin of the Strong Arm comes into view.
They are wielding a +0 falchion.
A hobgoblin comes into view.
A hobgoblin, a goblin, an orc priest and a frilled lizard come into view.
Robin shouts!
The hobgoblin shouts! x2; The goblin shouts!
The orc priest shouts!
The frilled lizard hisses angrily.
A hobgoblin comes into view.
A goblin comes into view. It is wielding a +0 club.
Found an Inescapable Atlas.
The goblin shouts!
The hobgoblin shouts!
You hear a shout! x2
A goblin comes into view. It is wielding a +0 club.
A goblin comes into view. It is wielding a +0 dagger. x2
You see here a scroll labelled RICITU YNOA.
The goblin shouts!
Robin roars a battlecry!
The goblins go into a battle-frenzy!
An orc comes into view. It is wielding a +0 short sword.
An orc priest comes into view. It is wielding a +0 club.
You hear a shout!
The orc shouts!
The orc priest shouts!
The orc hits you but does no damage. The orc priest hits you with a +0 mace.
The orc hits you with a +0 trident.
You hit the orc priest.
The orc priest is moderately wounded.
Robin throws the goblin at you! The orc hits you but does no damage.
The orc priest hits you with a +0 mace. The orc hits you with a +0 trident.
The orc hits you but does no damage.
A goblin comes into view. It is wielding a +0 club.
The goblin hits you but does no damage.
You hit the orc priest.
The orc priest is severely wounded.
Robin throws the goblin at you! The hobgoblin hits you.
The orc closely misses you.
The orc priest invokes the aid of Beogh against you.
Beogh smites you!
Ouch! That really hurt!
You die...
Kikubaaqudgha rasps: "You have failed me!
Welcome... oblivion!"

.>....# .....
#...#
#...#######
######.........#
.....#.........#
#.....ogg...#
#.<..?g@o#
#.....oggg.....
#.....logg..:..
###+##....g....
#....g....
#..goo....
#.........
#...g.....


You could see Robin, 2 orc priests, 4 orcs, 3 hobgoblins, 8 goblins and a
frilled lizard.

Vanquished Creatures
  An adder (D:2)
  A dart slug (D:2)
  An orc (D:2)
  3 endoplasms
  2 giant cockroaches (D:2)
  A goblin (D:2)
  3 hobgoblins
  A quokka (D:1)
  4 ball pythons
  A bat (D:1)
  2 frilled lizards
  4 rats
  10 bushes (D:1)
34 creatures vanquished.

Vanquished Creatures (others)
  2 fungi (D:1)
  8 plants (D:1)
10 creatures vanquished.

Grand Total: 44 creatures vanquished

Notes
Turn   | Place    | Note
-------+----------+-------------------------------------------
     0 | D:1      | shadowstone the Gargoyle Fighter began the quest for the
                  | Orb.
     0 | D:1      | Reached XP level 1. HP: 14/14 MP: 1/1
   270 | D:1      | Found a faded altar of an unknown god.
   299 | D:1      | Prayed at the altar of an unknown god.
   299 | D:1      | Became a worshipper of Kikubaaqudgha
   299 | D:1      | Reached * piety under Kikubaaqudgha
   299 | D:1      | Received a gift from Kikubaaqudgha
   510 | D:1      | Reached XP level 2. HP: 11/19 MP: 2/2
  1870 | D:2      | Reached XP level 3. HP: 24/24 MP: 3/3
  2275 | D:3      | Noticed Robin
  2281 | D:3      | Killed from afar by an orc priest

Illustrated notes

Levels and vault maps discovered:
D:1:      evilmike_arrival_rings, layout_rooms, serial_forest,
          infiniplex_forest_lined_room_, infiniplex_forest_lined_room_2,
          infiniplex_forest_clump_small, infiniplex_forest_straight_3,
          infiniplex_forest_clump_small, infiniplex_forest_end_1,
          infiniplex_forest_split, infiniplex_forest_end_2,
          infiniplex_forest_lined_3, shapermc_ecumenical_altar_mp_urbaneastern,
          st_stairs_12, wad_floor_pattern_1, minmay_misc_feat_iff, minivault_27
D:2:      layout_loops_ring, chequers_decorated_corner
D:3:      layout_basic, uniq_robin

Skill      XL: |  1  2 |
---------------+-------+-----
Polearms       | 2 |  2.2
Fighting       | |  3.9
Armour         | |  3.6
Shields        | |  3.5

Action                   || total
-------------------------++-------
Melee: Trident           ||   880
Armor: Chain mail        ||    56
       Scale mail        ||     1
Dodge: Dodged            ||    22
Block: Buckler           ||    16

Table legend: (Time is in decaauts)
 A = Elapsed time spent in this place.
 B = Non-inter-level travel time spent in this place.
 C = Inter-level travel time spent in this place.
 D = Time resting spent in this place.
 E = Time spent auto-exploring this place.
 F = Levels seen in this place.
 G = Mean time per level.
                   A        B        C        D        E       F      G
               +--------+--------+--------+--------+--------+-----+--------+
         Total |   2495 |   2466 |     29 |    206 |      0 |   3 |  831.7 |
       Dungeon |   2495 |   2466 |     29 |    206 |      0 |   3 |  831.7 |
               +--------+--------+--------+--------+--------+-----+--------+

Top non-repeatable levels by time:
     D:1: 1839 daAuts
     D:2: 649 daAuts
     D:3: 7 daAuts
